TOP OF THE 1ST |
Oakland Oaks batting - Pitching for Tijuana Toros : RHP Kevin Fleming
|
Pitching: RHP Kevin Fleming
|
|
Batting: RHB Brian Callaghan
|
0-0: Ball 1-0: Fly out, F4 (Popup, 4M, EV 52.5 MPH)
|
Batting: RHB Antonio Olivares
|
0-0: Called Strike 0-1: Ball 1-1: Foul Ball, location: 2F 1-2: Foul Ball, location: 2F 1-2: Ball 2-2: Fly out, F5 (Line Drive, 5, EV 65.0 MPH)
|
Batting: LHB Alejandro Muniz
|
0-0: Fly out, F7 (Flyball, 7S, EV 77.5 MPH)
|
Top of the 1st over - 0 runs, 0 hits, 0 errors, 0 left on base; Oakland 0 - Tijuana 0 |
BOTTOM OF THE 1ST |
Tijuana Toros batting - Pitching for Oakland Oaks : RHP Corbin Schenn
|
Pitching: RHP Corbin Schenn
|
|
Batting: RHB Theo Schepers
|
0-0: Called Strike 0-1: Ball 1-1: Foul Ball, location: 2F 1-2: Ball 2-2: Fly out, F6 (Popup, 4MS, EV 83.8 MPH)
|
Batting: LHB Steve Pond
|
0-0: Called Strike 0-1: Ball 1-1: SINGLE (Flyball, 78S, EV 91.3 MPH)
|
Batting: RHB Chad Rojas
|
0-0: Ball 1-0: Fly out, F7 (Flyball, 7LM, EV 80.6 MPH)
|
Batting: LHB Nate Kee
|
0-0: Swinging Strike 0-1: Called Strike 0-2: Strikes out swinging
|
Bottom of the 1st over - 0 runs, 1 hit, 0 errors, 1 left on base; Oakland 0 - Tijuana 0 |
TOP OF THE 2ND |
Oakland Oaks batting - Pitching for Tijuana Toros : RHP Kevin Fleming
|
Batting: SHB Steve Salafia
|
0-0: Called Strike 0-1: Swinging Strike 0-2: Strikes out looking
|
Batting: LHB Mike Murphy
|
0-0: Ball 1-0: Ball 2-0: Called Strike 2-1: Foul Ball, location: 2F 2-2: Ball 3-2: Base on Balls
|
Pitching: LHP Bryan Rouse
|
|
Batting: LHB Felipe Gomez
|
0-0: Swinging Strike 0-1: Ball Wild Pitch! Mike Murphy to second 1-1: Fly out, F5 (Flyball, 56D, EV 88.1 MPH)
|
Batting: RHB Jon Coakley
|
0-0: Ball 1-0: Ball 2-0: Ground out 6-3 (Groundball, 6S, EV 83.8 MPH)
|
Top of the 2nd over - 0 runs, 0 hits, 0 errors, 1 left on base; Oakland 0 - Tijuana 0 |
BOTTOM OF THE 2ND |
Tijuana Toros batting - Pitching for Oakland Oaks : RHP Corbin Schenn
|
Batting: RHB Pat Adams
|
0-0: Ground out U3 (Groundball, 34, EV 86.3 MPH)
|
Batting: RHB David Watkins
|
0-0: Ball 1-0: Called Strike 1-1: Swinging Strike 1-2: Ball 2-2: Strikes out swinging
|
Batting: SHB Shane Marcum
|
0-0: Foul Ball, location: 2F 0-1: Ball 1-1: Swinging Strike 1-2: Ball 2-2: Ball 3-2: Strikes out looking
|
Bottom of the 2nd over - 0 runs, 0 hits, 0 errors, 0 left on base; Oakland 0 - Tijuana 0 |
TOP OF THE 3RD |
Oakland Oaks batting - Pitching for Tijuana Toros : LHP Bryan Rouse
|
Batting: RHB Marcus Kressley
|
0-0: Swinging Strike 0-1: Called Strike 0-2: Fly out, F7 (Flyball, 7LM, EV 95.6 MPH)
|
Batting: RHB Jake Leffel
|
0-0: Called Strike 0-1: Ball 1-1: Called Strike 1-2: Foul Ball, location: 2F 1-2: Foul Ball, location: 2F 1-2: Foul Ball, location: 2F 1-2: Ball 2-2: Strikes out swinging
|
Batting: RHB Brian Callaghan
|
0-0: Called Strike 0-1: Ball 1-1: DOUBLE (Flyball, 89XD, EV 111.9 MPH)
|
Pitching: RHP Balinda Msrah
|
|
Batting: RHB Antonio Olivares
|
0-0: Called Strike 0-1: Ball 1-1: Foul Ball, location: 2F 1-2: Ground out 6-3 (Groundball, 56, EV 98.8 MPH)
|
Top of the 3rd over - 0 runs, 1 hit, 0 errors, 1 left on base; Oakland 0 - Tijuana 0 |
BOTTOM OF THE 3RD |
Tijuana Toros batting - Pitching for Oakland Oaks : RHP Corbin Schenn
|
Batting: RHB Mike Kaczor
|
0-0: Ball 1-0: Ball 2-0: Foul Ball, location: 2F 2-1: Foul Ball, location: 2F 2-2: SINGLE (Groundball, 34D, EV 108.8 MPH)
|
Batting: RHB Will Barksdale
|
0-0: Ball 1-0: Fly out, F9 (Flyball, 9S, EV 92.5 MPH)
|
Batting: RHB Theo Schepers
|
0-0: Ball 1-0: Foul Ball, location: 2F 1-1: Foul Ball, location: 2F 1-2: Fly out, F8 (Flyball, 8LD, EV 101.3 MPH)
|
Batting: LHB Steve Pond
|
0-0: Ball 1-0: Swinging Strike 1-1: Foul Ball, location: 2F 1-2: Foul Ball, location: 2F 1-2: Foul Ball, location: 2F 1-2: Strikes out swinging
|
Bottom of the 3rd over - 0 runs, 1 hit, 0 errors, 1 left on base; Oakland 0 - Tijuana 0 |
TOP OF THE 4TH |
Oakland Oaks batting - Pitching for Tijuana Toros : RHP Balinda Msrah
|
Batting: LHB Alejandro Muniz
|
0-0: Ball 1-0: Ball 2-0: Foul Ball, location: 2F 2-1: DOUBLE (Flyball, 89XD, EV 95.0 MPH)
|
Batting: SHB Steve Salafia
|
0-0: Ball 1-0: Ball 2-0: DOUBLE (Line Drive, 78D, EV 105.0 MPH) Alejandro Muniz scores
|
Batting: LHB Mike Murphy
|
0-0: Ball 1-0: SINGLE (Groundball, 4M, EV 106.3 MPH) (infield hit) Steve Salafia to third
|
Batting: LHB Felipe Gomez
|
0-0: Called Strike 0-1: Ball 1-1: Foul Ball, location: 2F 1-2: Foul Ball, location: 2F 1-2: Foul Ball, location: 2F 1-2: Ball 2-2: Ground out 5-3 (Groundball, 15, EV 83.8 MPH) Mike Murphy to second
|
Pitching: RHP Alfredo Sanchez
|
|
Batting: RHB Jon Coakley
|
0-0: Foul Ball, location: 2F 0-1: Called Strike 0-2: Foul Ball, location: 2F 0-2: Ball 1-2: Foul Ball, location: 2F 1-2: Ball 2-2: Ball 3-2: SINGLE (Groundball, 4MD, EV 99.4 MPH) Steve Salafia scores Mike Murphy to third
|
Batting: RHB Marcus Kressley
|
0-0: Ball 1-0: Called Strike 1-1: Grounds into double play, 6-4-3 (Groundball, 6, EV 89.4 MPH)
|
Top of the 4th over - 2 runs, 4 hits, 0 errors, 1 left on base; Oakland 2 - Tijuana 0 |
BOTTOM OF THE 4TH |
Tijuana Toros batting - Pitching for Oakland Oaks : RHP Corbin Schenn
|
Batting: RHB Chad Rojas
|
0-0: Called Strike 0-1: SINGLE (Flyball, 5D, EV 89.4 MPH)
|
Batting: LHB Nate Kee
|
0-0: Swinging Strike 0-1: Foul Ball, location: 2F 0-2: Ball 1-2: Ball 2-2: Strikes out swinging
|
Batting: RHB Pat Adams
|
0-0: Ball 1-0: Called Strike 1-1: Ball 2-1: Foul Ball, location: 2F 2-2: Strikes out looking
|
Batting: RHB David Watkins
|
0-0: Ball 1-0: Ball 2-0: Ball 3-0: Base on Balls Chad Rojas to second
|
Batting: SHB Shane Marcum
|
0-0: Foul Ball, location: 2F 0-1: Foul Ball, location: 2F 0-2: Ball 1-2: Strikes out swinging
|
Bottom of the 4th over - 0 runs, 1 hit, 0 errors, 2 left on base; Oakland 2 - Tijuana 0 |
TOP OF THE 5TH |
Oakland Oaks batting - Pitching for Tijuana Toros : RHP Alfredo Sanchez
|
Batting: RHB Jake Leffel
|
0-0: SINGLE (Flyball, 8LS, EV 98.1 MPH)
|
Batting: RHB Brian Callaghan
|
0-0: Called Strike 0-1: Foul Ball, location: 2F 0-2: Ball 1-2: Strikes out swinging
|
Batting: RHB Antonio Olivares
|
0-0: Ball 1-0: Called Strike 1-1: Foul Ball, location: 2F 1-2: Strikes out swinging
|
Pitching: RHP Andrew Telles
|
|
Batting: LHB Alejandro Muniz
|
0-0: SINGLE (Line Drive, 6MD, EV 103.1 MPH) Jake Leffel to second
|
Batting: SHB Steve Salafia
|
0-0: Foul Ball, location: 2F 0-1: Ball 1-1: Ground out 4-3 (Groundball, 4, EV 92.5 MPH)
|
Top of the 5th over - 0 runs, 2 hits, 0 errors, 2 left on base; Oakland 2 - Tijuana 0 |
BOTTOM OF THE 5TH |
Tijuana Toros batting - Pitching for Oakland Oaks : RHP Corbin Schenn
|
Batting: RHB Mike Kaczor
|
0-0: Ball 1-0: Ball 2-0: Called Strike 2-1: DOUBLE (Flyball, 89XD, EV 104.4 MPH)
|
Batting: RHB Will Barksdale
|
0-0: Ball 1-0: Called Strike 1-1: Foul Ball, location: 2F 1-2: Ball 2-2: Fly out, F9 (Flyball, 9LS, EV 83.1 MPH)
|
Batting: RHB Theo Schepers
|
0-0: Ball 1-0: Called Strike 1-1: Ball 2-1: Ball 3-1: Foul Ball, location: 2F 3-2: SINGLE (Groundball, 4MD, EV 105.6 MPH) Mike Kaczor to third Runner from 3rd tries for Home, SAFE, throw by CF to home
|
Batting: LHB Steve Pond
|
0-0: Ball 1-0: Swinging Strike 1-1: Ball 2-1: Foul Ball, location: 2F 2-2: Foul Ball, location: 2F 2-2: Ball 3-2: Fly out, F9 (Line Drive, 9D, EV 88.1 MPH)
|
Batting: RHB Chad Rojas
|
0-0: Ball 1-0: Swinging Strike 1-1: Ball 2-1: Called Strike 2-2: Strikes out swinging
|
Bottom of the 5th over - 1 run, 2 hits, 0 errors, 1 left on base; Oakland 2 - Tijuana 1 |
TOP OF THE 6TH |
Oakland Oaks batting - Pitching for Tijuana Toros : RHP Andrew Telles
|
Batting: LHB Mike Murphy
|
0-0: Called Strike 0-1: Ball 1-1: Foul Ball, location: 2F 1-2: Strikes out swinging
|
Batting: LHB Felipe Gomez
|
0-0: Foul Ball, location: 2F 0-1: SINGLE (Line Drive, 9LS, EV 95.0 MPH)
|
Batting: RHB Jon Coakley
|
Pickoff Throw to First - Out! 1-3 0-0: SINGLE (Groundball, 4MD, EV 103.1 MPH) (infield hit)
|
Batting: RHB Marcus Kressley
|
0-0: Ball 1-0: Swinging Strike 1-1: Ball 2-1: Ball 3-1: Base on Balls Jon Coakley to second
|
Batting: RHB Jake Leffel
|
0-0: Ground out 1-3 (Groundball, 15S, EV 73.8 MPH)
|
Top of the 6th over - 0 runs, 2 hits, 0 errors, 2 left on base; Oakland 2 - Tijuana 1 |
BOTTOM OF THE 6TH |
Tijuana Toros batting - Pitching for Oakland Oaks : RHP Corbin Schenn
|
Batting: LHB Nate Kee
|
0-0: Ball 1-0: Swinging Strike 1-1: Called Strike 1-2: Strikes out swinging
|
Batting: RHB Pat Adams
|
0-0: Called Strike 0-1: Ball 1-1: Ball 2-1: Foul Ball, location: 2F 2-2: Ground out U3 (Groundball, 34, EV 88.8 MPH)
|
Batting: RHB David Watkins
|
0-0: Fly out, F7 (Flyball, 7S, EV 75.0 MPH)
|
Bottom of the 6th over - 0 runs, 0 hits, 0 errors, 0 left on base; Oakland 2 - Tijuana 1 |
TOP OF THE 7TH |
Oakland Oaks batting - Pitching for Tijuana Toros : RHP Andrew Telles
|
Pitching: RHP Seved Landgre
|
|
Batting: RHB Brian Callaghan
|
0-0: Ball 1-0: Ball 2-0: Ball 3-0: Called Strike 3-1: Base on Balls
|
Batting: RHB Antonio Olivares
|
0-0: Bunted foul 0-1: Sac Bunt to 23 - play at first, batter OUT! 3-4 Brian Callaghan to second
|
Batting: LHB Alejandro Muniz
|
0-0: Intentional Walk
|
Batting: SHB Steve Salafia
|
0-0: Swinging Strike 0-1: Ball 1-1: Foul Ball, location: 2F 1-2: Ball 2-2: Strikes out swinging
|
Batting: LHB Mike Murphy
|
0-0: Ball 1-0: Foul Ball, location: 2F 1-1: Ball Brian Callaghan steals 3rd base 2-1: Ball 3-1: Base on Balls Alejandro Muniz to second
|
Batting: LHB Felipe Gomez
|
0-0: Ball 1-0: Called Strike 1-1: Ball 2-1: GRAND SLAM HOME RUN (Flyball, 89XD, EV 106.9 MPH), Distance : 402 ft
|
Pitching: RHP Gary Salazar
|
|
Batting: RHB Jon Coakley
|
0-0: Ball 1-0: Ball 2-0: Fly out, F8 (Flyball, 8RD, EV 105.0 MPH)
|
Top of the 7th over - 4 runs, 1 hit, 0 errors, 0 left on base; Oakland 6 - Tijuana 1 |
BOTTOM OF THE 7TH |
Tijuana Toros batting - Pitching for Oakland Oaks : RHP Corbin Schenn
|
Batting: SHB Shane Marcum
|
0-0: Ball 1-0: Swinging Strike 1-1: Foul Ball, location: 2F 1-2: Ball 2-2: SOLO HOME RUN (Flyball, 9D, EV 93.1 MPH), Distance : 355 ft
|
Batting: RHB Mike Kaczor
|
0-0: Swinging Strike 0-1: Foul Ball, location: 2F 0-2: Ball 1-2: Strikes out swinging
|
Batting: RHB Will Barksdale
|
0-0: Ball 1-0: Ball 2-0: Called Strike 2-1: Fly out, F7 (Flyball, 7S, EV 84.4 MPH)
|
Batting: RHB Theo Schepers
|
0-0: Called Strike 0-1: Ball 1-1: Foul Ball, location: 2F 1-2: SINGLE (Flyball, 8RS, EV 90.0 MPH)
|
Pitching: LHP Hector Perdomo
|
|
Batting: LHB Steve Pond
|
0-0: Called Strike 0-1: Foul Ball, location: 2F 0-2: Ball 1-2: Ball 2-2: Foul Ball, location: 2F 2-2: Foul Ball, location: 2F 2-2: Foul Ball, location: 2F 2-2: 2-RUN HOME RUN (Flyball, 9D, EV 93.8 MPH), Distance : 358 ft
|
Batting: RHB Chad Rojas
|
0-0: Foul Ball, location: 2F 0-1: Fly out, F8 (Flyball, 8LD, EV 96.3 MPH)
|
Bottom of the 7th over - 3 runs, 3 hits, 0 errors, 0 left on base; Oakland 6 - Tijuana 4 |
TOP OF THE 8TH |
Oakland Oaks batting - Pitching for Tijuana Toros : RHP Gary Salazar
|
Batting: RHB Marcus Kressley
|
0-0: Ground out 6-3 (Groundball, 6, EV 87.5 MPH)
|
Batting: RHB Jake Leffel
|
0-0: Ball 1-0: Ball 2-0: SOLO HOME RUN (Line Drive, 9LD, EV 96.3 MPH), Distance : 349 ft
|
Batting: RHB Brian Callaghan
|
0-0: Swinging Strike 0-1: Swinging Strike 0-2: Fly out, F7 (Flyball, 7LD, EV 83.8 MPH)
|
Batting: RHB Antonio Olivares
|
0-0: Ball 1-0: Ball 2-0: Foul Ball, location: 2F 2-1: Foul Ball, location: 2F 2-2: Ball 3-2: Foul Ball, location: 2F 3-2: Foul Ball, location: 2F 3-2: Base on Balls
|
Pitching: RHP Jeff Lewis
|
|
Batting: LHB Alejandro Muniz
|
0-0: Ball Antonio Olivares is caught stealing 2nd base 2-6
|
Top of the 8th over - 1 run, 1 hit, 0 errors, 0 left on base; Oakland 7 - Tijuana 4 |
BOTTOM OF THE 8TH |
Tijuana Toros batting - Pitching for Oakland Oaks : LHP Hector Perdomo
|
Batting: LHB Nate Kee
|
0-0: Ball 1-0: Foul Ball, location: 2F 1-1: Swinging Strike 1-2: SINGLE (Line Drive, 89S, EV 95.6 MPH)
|
Batting: RHB Pat Adams
|
0-0: Swinging Strike 0-1: Ball 1-1: Ball 2-1: Swinging Strike 2-2: Grounds into double play, 4-6-3 (Groundball, 4, EV 91.3 MPH)
|
Batting: RHB David Watkins
|
0-0: Called Strike 0-1: Ball 1-1: Foul Ball, location: 2F 1-2: Ground out 6-3 (Groundball, 6, EV 82.5 MPH)
|
Bottom of the 8th over - 0 runs, 1 hit, 0 errors, 0 left on base; Oakland 7 - Tijuana 4 |
TOP OF THE 9TH |
Oakland Oaks batting - Pitching for Tijuana Toros : RHP Jeff Lewis
|
Batting: LHB Alejandro Muniz
|
0-0: Called Strike 0-1: Called Strike 0-2: Fly out, F8 (Flyball, 78XD, EV 86.3 MPH)
|
Batting: SHB Steve Salafia
|
0-0: Ground out 2-3 (Groundball, 2L, EV 66.3 MPH)
|
Batting: LHB Mike Murphy
|
0-0: Ball 1-0: Ball 2-0: Swinging Strike 2-1: Called Strike 2-2: Ball 3-2: Base on Balls
|
Batting: LHB Felipe Gomez
|
0-0: Ball 1-0: Ball 2-0: Called Strike 2-1: Ball Pickoff Throw by Catcher to First - Out!
|
Top of the 9th over - 0 runs, 0 hits, 0 errors, 0 left on base; Oakland 7 - Tijuana 4 |
BOTTOM OF THE 9TH |
Tijuana Toros batting - Pitching for Oakland Oaks : LHP Hector Perdomo
|
Pitching: RHP Charlie Shook
|
|
Now at 1B: Igor Ciobanu
|
|
Batting: SHB Shane Marcum
|
0-0: Ball 1-0: Called Strike 1-1: Swinging Strike 1-2: Strikes out looking
|
Pinch Hitting: LHB Mesfin Azagba
|
0-0: Ball 1-0: SINGLE (Groundball, 56D, EV 98.8 MPH)
|
Pinch Hitting: LHB Chris Buchan
|
0-0: Called Strike 0-1: Foul Ball, location: 2F 0-2: SINGLE (Line Drive, 8RS, EV 109.4 MPH) Mesfin Azagba to second
|
Batting: RHB Theo Schepers
|
0-0: Ball 1-0: Foul Ball, location: 2F 1-1: Foul Ball, location: 2F 1-2: Fly out, F7 (Flyball, 78S, EV 95.6 MPH)
|
Batting: LHB Steve Pond
|
0-0: Ball 1-0: Foul Ball, location: 2F 1-1: SINGLE (Flyball, 34D, EV 98.8 MPH) Mesfin Azagba to third Chris Buchan to second
|
Batting: RHB Chad Rojas
|
0-0: Ball 1-0: Ball 2-0: Called Strike 2-1: GRAND SLAM HOME RUN (Flyball, 7D, EV 103.1 MPH), Distance : 392 ft
|
Bottom of the 9th over - 4 runs, 4 hits, 0 errors, 0 left on base; Oakland 7 - Tijuana 8 |
|
Game Over ... Tijuana defeats Oakland, 8 to 7
|
|
|